 Dungeon Crawl Stone Soup version 0.30.0-15-g856e2d3f33 (webtiles) character file.

Game seed: 15465381284921966867

2 bmack86 the Insei (level 1, -4/17 HPs)
             Began as a Djinni Transmuter on May 20, 2023.
             Killed from afar by a dart slug (5 damage)
             ... with a slug dart
             ... on level 1 of the Dungeon.
             The game lasted 00:01:46 (41 turns).

bmack86 the Insei (Djinni Transmuter)                 Turns: 41, Time: 00:01:46

Health: -4/17      AC:  2    Str:  9    XL:     1   Next: 33%
Gold:   16         EV: 12    Int: 14    God:
                   SH:  0    Dex: 13

rFire   + + .        d - +0 short sword
rCold   x . .        (no shield)
rNeg    . . .        a - +0 robe
rPois   ∞            (no helmet)
rElec   .            (no cloak)
rCorr   .            (no gloves)
SInv    .            (boots unavailable)
Will    +....        (no amulet)
Stlth   +            c - ring of willpower
HPRegen 0.22/turn    (no ring)
MPRegen 0.00/turn

%: infuse magic (-5 HP)
@: flying
A: sickness immunity, fire resistance 2, cold vulnerability 1, float, innate
caster, HP casting, extra vitality 1
a: no special abilities


You were on level 1 of the Dungeon.
You visited 1 branch of the dungeon, and saw 1 of its levels.

You collected 16 gold pieces.

Inventory:

Hand Weapons
 d - a +0 short sword (weapon)
Armour
 a - a +0 robe (worn)
Jewellery
 c - a ring of willpower (left hand)
Potions
 b - a potion of lignification


   Skills:
 + Level 1.1 Fighting
 - Level 2.1 Dodging
 - Level 3.0 Unarmed Combat
 + Level 1.6 Spellcasting


You knew the following spells:

 Your Spells              Type           Power      Damage    Failure   Level
a - Beastly Appendage     Tmut           10%        N/A       13%         1
b - Wereblood             Tmut           5%         N/A       19%         2
c - Spider Form           Tmut/Pois      5%         N/A       36%         3
d - Ice Form              Ice/Tmut       5%         N/A       77%         4
Your spell library was empty.

Dungeon Overview and Level Annotations

Branches:
Dungeon (1/15)

Altars:


Innate Abilities, Weirdness & Mutations

You are immune to sickness and miasma.
You are immune to poison.
Your flesh is very heat resistant. (rF++)
You are vulnerable to cold. (rC-)
You float through the air rather than walking.
You learn spells naturally, not from books.
Your magical power is your life essence.
You have superior vitality. (+4 MHP)


Message History

Your headbutt misses the frilled lizard.
The frilled lizard bites you but does no damage.
You miss the frilled lizard. The frilled lizard barely misses you.
You miss the frilled lizard. The frilled lizard bites you.
You hit the frilled lizard but do no damage.
Your headbutt misses the frilled lizard.
The frilled lizard bites you.
You closely miss the frilled lizard. The frilled lizard barely misses you.
You closely miss the frilled lizard.
Your headbutt misses the frilled lizard.
The frilled lizard bites you.
You hit the frilled lizard.
You kill the frilled lizard!
Your horns disappear.
Found 5 gold pieces.
A dart slug comes into view.
The dart slug launches a dart at you. The slug dart hits you.
You see here 16 gold pieces.
You now have 16 gold pieces.
The dart slug launches a dart at you. The slug dart hits you.
* * * LOW HITPOINT WARNING * * *
A kobold comes into view. It is wielding a +0 short sword.
An endoplasm comes into view.
The endoplasm quivers.
The endoplasm moves out of view.
A giant cockroach comes into view.
You see here a +0 short sword.
d - a +0 short sword
d - a +0 short sword (weapon)
The dart slug launches a dart at you. The slug dart misses you.
You closely miss the kobold. The kobold barely misses you.
You closely miss the kobold.
The kobold hits you with a +0 short sword.
* * * LOW HITPOINT WARNING * * *
The dart slug launches a dart at you. The slug dart hits you.
You die...

....... .. .......
.. .# .......#.#
#.#
.......B.###..#
.............#
..........$..##
.......K......#
#..J@......####
###..........##.#
#............##>#
##............##<#
.............###.#
.##.#........###.#
#....).......#..#
...#w...........##
.# #..........###


You could see a dart slug, an endoplasm, a giant cockroach and a kobold.

Vanquished Creatures
  An endoplasm (D:1)
  A frilled lizard (D:1)
2 creatures vanquished.

Notes
Turn   | Place    | Note
-------+----------+-------------------------------------------
     0 | D:1      | bmack86 the Djinni Transmuter began the quest for the Orb.
     0 | D:1      | bmack86 set off with the following spells memorised:
                  | Beastly Appendage, Wereblood, Spider Form, Ice Form.
     0 | D:1      | Reached XP level 1. HP: 17/17 MP: 0/0
    12 | D:1      | Found a faded altar of an unknown god.
    41 | D:1      | Killed from afar by a dart slug

Illustrated notes

Levels and vault maps discovered:
D:1:      dpeg_arrival_tiny_i, layout_rooms, dreamdust_ecumenical_altar_grove

Action                     || total
---------------------------++-------
  Melee: Unarmed           ||    13
         Short sword       ||     2
         Punch             ||     1
   Cast: Beastly Appendage ||     1
 Armour: Robe              ||     3
  Dodge: Dodged            ||    10
